 Dungeon Crawl Stone Soup version 0.29-a0-284-gf9362112df (webtiles) character file.

Game seed: 7491044649150106686

65 Zonian the Chiller (level 3, -1/24 HPs)
             Began as a Demonspawn Ice Elementalist on Mar 27, 2022.
             Was an Initiate of Hepliaklqana.
             Succumbed to an adder's poison
             ... on level 1 of the Dungeon.
             The game lasted 00:03:09 (2871 turns).

Zonian the Chiller (Demonspawn Ice Elementalist)    Turns: 2871, Time: 00:03:10

Health: -1/24      AC:  4    Str:  8    XL:     3   Next: 92%
Magic:  4/7        EV: 12    Int: 18    God:    Hepliaklqana [......]
Gold:   89         SH:  0    Dex: 13    Spells: 6/7 levels left

rFire   . . .      SeeInvis .   c - +0 short sword
rCold   . . .      Faith    .   (no shield)
rNeg    . . .      Spirit   +   a - +0 robe
rPois   .          Reflect  .   (no helmet)
rElec   .          Harm     .   (no cloak)
rCorr   .          Rampage  .   (no gloves)
Will    .....                   (no boots)
Stlth   ++........              d - amulet of guardian spirit
HPRegen 0.08/turn               (no ring)
MPRegen 0.10/turn               (no ring)

@: lethally poisoned (-1 -> -6)
A: molten scales 1
a: Renounce Religion


You were on level 1 of the Dungeon.
You worshipped Hepliaklqana.
Hepliaklqana was noncommittal.
You visited 1 branch of the dungeon, and saw 2 of its levels.

You collected 89 gold pieces.

Inventory:

Hand Weapons
 c - a +0 short sword (weapon)
 k - a +0 spear
Missiles
 g - 6 poisoned darts
Armour
 a - a +0 robe (worn)
Jewellery
 d - an amulet of guardian spirit (around neck)
Scrolls
 h - a scroll of amnesia {unknown}
 i - a scroll of identify {unknown}
 j - 2 scrolls of fog {unknown}
 l - a scroll of noise {unknown}
 m - a scroll of enchant armour {unknown}
Potions
 e - 2 potions of curing {unknown}
 f - a potion of resistance {unknown}


   Skills:
 + Level 2.5 Dodging
 - Level 2.0 Stealth
 + Level 2.7 Spellcasting
 + Level 4.1 Ice Magic


You had 6 spell levels left.
You knew the following spells:

 Your Spells              Type           Power      Damage    Failure   Level
a - Freeze                Ice            68%        1d8       3%          1

Your spell library contained the following spells:

 Spells                   Type           Power      Damage    Failure   Level
 Frozen Ramparts          Ice            34%        1d5       10%         3
 Ozocubu's Armour         Ice            17%        N/A       10%         3
 Sting                    Tmut/Pois      8%         1d3       17%         1
 Poisonous Vapours        Pois/Air       4%         N/A       26%         2
 Hailstorm                Conj/Ice       9%         3d4       56%         4
 Olgreb's Toxic Radiance  Pois           2%         N/A       86%         4


Dungeon Overview and Level Annotations

Branches:
Dungeon (2/15)

Altars:
Hepliaklqana


Innate Abilities, Weirdness & Mutations

You are partially covered in molten scales. (AC +2)


Message History

The adder attacks as you move away! The adder completely misses you.
The adder attacks as you move away! The adder bites you but does no damage.
The adder attacks as you move away! The adder bites you but does no damage.
The adder misses you. The adder bites you. The adder attacks as you move away!
The adder closely misses you. The adder attacks as you move away!
The adder misses you. The adder attacks as you move away! The adder bites you.
* * * LOW HITPOINT WARNING * * *
The adder bites you but does no damage. The bat hits you but does no damage.
The bat hits you but does no damage.
There is a stone staircase leading up here.
The bat barely misses you. The adder bites you.
* * * LOW HITPOINT WARNING * * *
You are poisoned.
The adder poisons you!
You climb upwards.
You feel sick.
There is a stone staircase leading down here.
Unknown command.
Unknown command.
Okay, then.
You feel sick. The bat closely misses you.
Unknown command.
Magic courses through your body.
You feel sick.
You are no longer poisoned.
The adder bites you.
* * * LOW HITPOINT WARNING * * *
You are lethally poisoned!
The adder poisons you!
Unknown command.
Casting: Freeze (safe; 3% risk of failure)
Confirm with . or Enter, or press ? or * to list all spells.
Aiming: Freeze (safe; 3% risk of failure)
Press: ? - help, Shift-Dir - straight line, f - adder
Aim: an adder You freeze the adder.
The adder is moderately wounded.
The adder seems to slow down.
You die...

#.# #.# #.. ### #.. #.#
#.# ######## #.#
#.S@...# #.. #.####.#
### ####.####.#
########
#.......#.#####......#
#.##.##.......#.####.##
#..[.##.#.#.#.......#.#
#.##......#...#.#......
#.##.##.#######.#.##.#.
#.............#.#.##.#.


You could see an adder (slow).

Vanquished Creatures
  2 adders (D:2)
  A worm (D:2)
  2 ball pythons
  2 bats (D:1)
  7 endoplasms
  2 giant cockroaches (D:1)
  3 goblins
  5 hobgoblins
  6 jackals (D:1)
  2 quokkas
  3 kobolds
  A rat (D:1)
36 creatures vanquished.

Notes
Turn   | Place    | Note
-------+----------+-------------------------------------------
     0 | D:1      | Zonian the Demonspawn Ice Elementalist began the quest for
                  | the Orb.
     0 | D:1      | Reached XP level 1. HP: 13/13 MP: 3/3
   662 | D:1      | Gained mutation: You are partially covered in molten
                  | scales. (AC +2) [demonic ancestry]
   662 | D:1      | Reached XP level 2. HP: 18/19 MP: 5/5
  1575 | D:1      | Reached XP level 3. HP: 24/24 MP: 3/6
  1905 | D:2      | Found a hazy altar of Hepliaklqana.
  1919 | D:2      | Became a worshipper of Hepliaklqana the Forgotten
  1973 | D:2      | Reached skill level 4 in Ice Magic
  2325 | D:2      | Found a faded altar of an unknown god.
  2870 | D:1      | HP: 1/24 [adder (1)]
  2871 | D:1      | Succumbed to an adder's poison

Illustrated notes

Levels and vault maps discovered:
D:1:      matt_arrival_grand_opening, layout_loops_cross
D:2:      minmay_spotlight, layout_loops_ring, basic_altar,
          ebering_ecumenical_altar_abandoned

Skill      XL: |  1  2  3 |
---------------+----------+-----
Stealth        | 2 |  2.0
Dodging        | 2 |  2.5
Ice Magic      | 4 |  4.1
Spellcasting   | |  2.7

Action                   || total
-------------------------++-------
Melee: Short sword       ||    28
       Unarmed           ||     2
 Cast: Freeze            ||    57
  Use: Potion            ||     1
 Stab: Sleeping          ||     2
Armor: Robe              ||    32
Dodge: Dodged            ||    59

Table legend: (Time is in decaauts)
 A = Elapsed time spent in this place.
 B = Non-inter-level travel time spent in this place.
 C = Inter-level travel time spent in this place.
 D = Time resting spent in this place.
 E = Time spent auto-exploring this place.
 F = Levels seen in this place.
 G = Mean time per level.
                   A        B        C        D        E       F      G
               +--------+--------+--------+--------+--------+-----+--------+
         Total |   2873 |   2845 |     28 |   1408 |   1003 |   2 | 1436.5 |
       Dungeon |   2873 |   2845 |     28 |   1408 |   1003 |   2 | 1436.5 |
               +--------+--------+--------+--------+--------+-----+--------+

Top non-repeatable levels by time:
     D:1: 1909 daAuts
     D:2: 964 daAuts
